 Dungeon Crawl Stone Soup version 0.30.0-5-g1a98f26d00 (webtiles) character file.

Game seed: 13830260789831344748

3105 croobank the Caller (level 9, -7/72 HPs)
             Began as a Demigod Summoner on May 8, 2023.
             Mangled by a wraith (9 damage)
             ... on level 7 of the Dungeon.
             The game lasted 00:38:11 (9005 turns).

croobank the Caller (Demigod Summoner)              Turns: 9005, Time: 00:38:11

Health: -7/72      AC:  5    Str: 15    XL:     9   Next: 34%
Magic:  19/19      EV: 14    Int: 29    God:
Gold:   135        SH:  0    Dex: 14    Spells: 1/17 levels left

rFire   . . .        s - +1 trident
rCold   . . .        (no shield)
rNeg    . . .        a - +0 robe
rPois   .            J - +2 hat
rElec   .            y - +0 cloak
rCorr   .            (no gloves)
SInv    .            (no boots)
Will    .....        (no amulet)
Stlth   +++          t - +6 ring of strength
HPRegen 0.32/turn    P - ring of wizardry
MPRegen 0.16/turn

%: wizardry (x1)
@: slowed, very slow
A: high MP 1, forlorn, divine attributes
a: no special abilities


You were on level 7 of the Dungeon.
You visited 1 branch of the dungeon, and saw 7 of its levels.

You collected 389 gold pieces.
You spent 254 gold pieces at shops.

Inventory:

Hand Weapons
 f - a +0 hand axe
 k - a +0 whip
 q - a +1 vampiric hand axe
 r - a +1 scimitar
 s - a +1 trident (weapon)
 C - a +1 dire flail of venom
 H - a +0 morningstar
 I - a +0 long sword
 K - a +2 short sword of electrocution
 M - a +5 mace
 N - a +3 quarterstaff
 R - a +0 dagger of venom
Missiles
 h - 25 poisoned darts (quivered)
 z - 7 boomerangs
 Q - 4 javelins
Armour
 a - a +0 robe (worn)
 i - a +0 ring mail
 w - a +0 leather armour
 y - a +0 cloak (worn)
 A - a +2 helmet
 J - a +2 hat (worn)
Magical Staves
 j - a staff of death
 L - a staff of earth
Jewellery
 t - a +6 ring of strength (left hand)
 D - a ring of protection from cold
 P - a ring of wizardry (right hand)
Wands
 n - a wand of flame (2)
 G - a wand of digging (13)
Scrolls
 l - 4 scrolls of noise
 m - a scroll of fear
 p - 5 scrolls of teleportation
 u - 2 scrolls of amnesia
 F - a scroll of magic mapping
Potions
 b - a potion of magic
 c - a potion of lignification
 d - a potion of curing
 e - 2 potions of attraction
 g - a potion of might
 o - 5 potions of heal wounds
 v - a potion of resistance
 x - a potion of berserk rage
 B - 3 potions of haste {unknown}
 E - 4 potions of flight {unknown}
 O - a potion of mutation {unknown}


   Skills:
 + Level 4.5 Fighting
 + Level 5.2 Dodging
 + Level 5.6 Stealth
 + Level 4.8 Spellcasting
 + Level 3.9 Hexes
 + Level 6.2 Summonings
 + Level 3.1 Air Magic


You had one spell level left.
You knew the following spells:

 Your Spells              Type           Power      Damage    Failure   Level
a - Summon Small Mammal   Summ           100%       N/A       1%          1
b - Call Imp              Summ           86%        N/A       1%          2
c - Call Canine Familiar  Summ           43%        N/A       1%          3
d - Summon Guardian Gole  Hex/Summ       36%        N/A       1%          3
e - Summon Lightning Spi  Summ/Air       34%        N/A       4%          4
f - Inner Flame           Hex/Fire       18%        N/A       3%          3

Your spell library contained the following spells:

 Spells                   Type           Power      Damage    Failure   Level
 Tukima's Dance           Hex            30%        N/A       1%          3
 Portal Projectile        Hex/Tloc       36%        N/A       3%          3
 Lesser Beckoning         Tloc           12%        N/A       4%          2
 Gell's Gravitas          Tloc           6%         N/A       8%          3
 Teleport Other           Tloc           6%         N/A       8%          3
 Animate Armour           Summ/Erth      50%        N/A       8%          4
 Leda's Liquefaction      Hex/Erth       9%         N/A       12%         4
 Yara's Violent Unravell  Hex/Tmut       9%         3d6       30%         5
 Blade Hands              Tmut           3%         N/A       54%         5
 Iron Shot                Conj/Erth      3%         9d2       98%         6
 Enfeeble                 Hex            15%        N/A       98%         7


Dungeon Overview and Level Annotations

Branches:
Dungeon (7/15)             Temple (0/1) D:4

Shops:
D:1 *:*([   D:2 ([   D:4 [

Annotations:
D:3 2 transporters
D:4 3 runed translucent doors, Exaltedone87's ghost, amateur DsGl


Innate Abilities, Weirdness & Mutations

You have an increased reservoir of magic. (+10% MP)
You shall have no god before yourself.
Your divine heritage dramatically boosts your attributes as you level up.


Message History

You hit the wraith. You punch the wraith, but do no damage.
The wraith is heavily damaged.
The wraith barely misses you.
Your cerulean imp closely misses the wraith.
The wraith hits you!
Your cerulean imp hits the wraith but does no damage.
You hit the wraith.
The wraith is heavily damaged.
The wraith barely misses you.
Your cerulean imp hits the wraith from afar with a +0 spear.
The wraith closely misses you.
Your cerulean imp barely misses the wraith.
You closely miss the wraith.
The wraith is severely damaged.
The wraith hits you.
Your cerulean imp hits the wraith but does no damage.
The wraith hits you.
Your cerulean imp hits the wraith but does no damage.
You hit the wraith but do no damage.
The wraith is severely damaged.
The wraith hits you!
* * * LOW HITPOINT WARNING * * *
Your cerulean imp hits the wraith from afar with a +0 spear.
The wraith hits you!
* * * LOW HITPOINT WARNING * * *
The wraith drains your vigour!
You feel as though you will be slow longer.
You closely miss the wraith.
The wraith is almost destroyed.
Your cerulean imp hits the wraith but does no damage.
The wraith hits you.
* * * LOW HITPOINT WARNING * * *
The wraith drains your vigour!
You feel as though you will be slow longer.
Your cerulean imp misses the wraith.
The wraith barely misses you.
You hit the wraith but do no damage.
The wraith is almost destroyed.
Your cerulean imp barely misses the wraith.
The wraith hits you!
You die...

###### ### #5....
#.# #####.####
#.#.##........#
#########.#
#.#.###.##.#
#.....W@5## ##..#
#.##.#
#.###.###.###.###
#....5 #. ##.#.##
###... #. ##..##
##<# .. ##.#.##
#.# ## ##.....##
#.# ##..>....#
####.#
#.#..........##.#
##.......###.##.#


You could see a wraith (ally target) and a friendly cerulean imp (summoned).

Vanquished Creatures
  Edmund (D:4)
  A phantom (D:7)
  4 kobold brigands (D:5)
  A scorpion (D:5)
  A gnoll bouda (D:7)
  3 gnolls (D:7)
  6 orcs
  A ball python (D:1)
  An endoplasm (D:1)
  3 giant cockroaches
  A hobgoblin (D:1)
  5 jackals (D:5)
  4 kobolds
  3 quokkas
  6 bats
  A frilled lizard (D:1)
  3 goblins
  3 rats (D:3)
48 creatures vanquished.

Vanquished Creatures (collateral kills)
  Sigmund (D:2)
  A water moccasin (D:7)
  A sky beast (D:6)
  An ice beast (D:5)
  A black bear (D:4)
  2 ogres
  2 bullfrogs
  4 wights
  A howler monkey (D:5)
  A hound (D:6)
  5 jellies
  3 orc priests (D:5)
  A sleepcap (D:5)
  Jessica (D:2)
  Terence (D:2)
  5 iguanas
  5 orc wizards
  5 adders
  2 white imps
  A worm (D:2)
  2 dart slugs
  20 orcs
  A bat (D:1)
  4 endoplasms
  3 giant cockroaches
  6 hobgoblins
  3 jackals (D:5)
  6 kobolds
  A quokka (D:1)
  9 ball pythons
  2 frilled lizards (D:1)
  9 goblins
  7 rats (D:1)
117 creatures vanquished.

Vanquished Creatures (others)
  3 slime creatures (D:5)
  A wight (D:5)
  3 jellies (D:5)
  2 orcs (D:5)
  An endoplasm (D:5)
10 creatures vanquished.

Grand Total: 175 creatures vanquished

Notes
Turn   | Place    | Note
-------+----------+-------------------------------------------
     0 | D:1      | croobank the Demigod Summoner began the quest for the Orb.
     0 | D:1      | Reached XP level 1. HP: 14/14 MP: 5/5
   316 | D:1      | Reached XP level 2. HP: 20/20 MP: 4/7
   319 | D:1      | Learned a level 2 spell: Call Imp
   705 | D:1      | Found Faocihil's Antique Armour Shop.
   734 | D:1      | Found Nizar's Weapon Emporium.
   766 | D:1      | Found Anteddang's General Store.
   772 | D:1      | Bought a scroll of noise for 11 gold pieces
   772 | D:1      | Bought a scroll of fear for 44 gold pieces
   838 | D:1      | Found Ruqu Unu's Book Shop.
  1035 | D:1      | Reached XP level 3. HP: 27/27 MP: 5/8
  1041 | D:1      | Learned a level 3 spell: Call Canine Familiar
  1162 | D:1      | Found Modwu's Assorted Antiques.
  1176 | D:1      | Bought a scroll labelled EHYOTO HUCE for 19 gold pieces
  1176 | D:1      | Bought a scroll labelled HECHUVV XAUDU for 19 gold pieces
  1694 | D:2      | Noticed Jessica
  1699 | D:2      | Killed Jessica
  1700 | D:2      | Reached skill level 4 in Summonings
  1805 | D:2      | Noticed Terence
  1808 | D:2      | Reached skill level 1 in Fighting
  1821 | D:2      | Killed Terence
  1822 | D:2      | Reached XP level 4. HP: 35/35 MP: 3/10
  2060 | D:1      | Bought a scroll labelled OGINOL WO UGOIDYG for 19 gold
                  | pieces
  2463 | D:2      | Noticed Sigmund
  2470 | D:2      | Killed Sigmund
  2471 | D:2      | Reached XP level 5. HP: 41/41 MP: 3/12
  2586 | D:2      | Found Osel's Armour Shop.
  2692 | D:2      | Found Ciyzon's Antique Weapon Shop.
  2966 | D:3      | Found a transporter.
  3016 | D:3      | Found a transporter.
  3873 | D:3      | Reached XP level 6. HP: 43/48 MP: 8/13
  4022 | D:4      | Found a runed translucent gate.
  4023 | D:4      | Found a runed translucent gate.
  4023 | D:4      | Found a runed translucent gate.
  4078 | D:4      | Noticed Edmund
  4120 | D:4      | Killed Edmund
  4331 | D:4      | Reached skill level 1 in Hexes
  4671 | D:4      | Found Siuporoth's Antique Armour Emporium.
  4676 | D:4      | Bought a shadowed robe for 142 gold pieces
  4676 | D:4      | Identified the +1 robe of Maso Aty {Rampage Will+ MP-9
                  | Dex+3} (You bought it in a shop on level 4 of the Dungeon)
  4710 | D:4      | Reached XP level 7. HP: 56/56 MP: 10/15
  4849 | D:4      | Found a staircase to the Ecumenical Temple.
  4955 | D:4      | Noticed Exaltedone87's ghost (amateur DsGl)
  5340 | D:5      | Entered Level 5 of the Dungeon
  5350 | D:5      | Learned a level 3 spell: Summon Guardian Golem
  5533 | D:5      | Reached skill level 5 in Summonings
  5848 | D:5      | Learned a level 4 spell: Summon Lightning Spire
  6236 | D:5      | Reached skill level 1 in Air Magic
  6236 | D:5      | Reached XP level 8. HP: 23/63 MP: 12/17
  6563 | D:5      | Noticed a slime creature
  6563 | D:5      | Noticed a slime creature
  6563 | D:5      | Noticed a slime creature
  6582 | D:5      | Killed a slime creature
  6700 | D:5      | Killed a slime creature
  6701 | D:5      | Reached skill level 5 in Stealth
  6826 | D:5      | Killed a slime creature
  7678 | D:5      | Reached XP level 9. HP: 56/65 MP: 6/19
  7817 | D:6      | Reached skill level 5 in Dodging
  7817 | D:6      | Reached skill level 6 in Summonings
  8172 | D:6      | Learned a level 3 spell: Inner Flame
  9004 | D:7      | HP: 1/72 [wraith (5)]
  9005 | D:7      | Mangled by a wraith

Illustrated notes

Levels and vault maps discovered:
D:1:      dpeg_arrival_ratfight, layout_loops_corners, serial_shops, shop,
          nicolae_shop_crystal, shop, shop, nicolae_shop_statue_plus,
          serial_glass, glass_columns_a, glass_columns_a, st_stairs_9,
          minmay_bisected
D:2:      layout_basic, serial_forest, infiniplex_forest_end_2,
          infiniplex_forest_straight_3, infiniplex_forest_clump_cross,
          infiniplex_forest_corner_2, infiniplex_forest_corner_1, serial_shops,
          nicolae_shop_crystal, shop, uniq_jessica, uniq_terence, uniq_sigmund
D:3:      gammafunk_wand_slinger, layout_loops_ring, nemelex_spade_bored_becter,
          nicolae_hepliaklqana_hippocampus, mainiacjoe_overflow_alcove_1,
          minmay_misc_feat_pillars, minivault_5
D:4:      layout_basic, cheibriados_altar_1, mainiacjoe_overflow_tiny_flanked,
          minmay_temple_entry_poolview, serial_shops, shop, gammafunk_ghost_icy,
          serial_aquarium, aquarium_bridge_square [aquarium_subvault_wall,
          aquarium_subvault_window, aquarium_subvault_window,
          aquarium_subvault_bridge], aquarium_bridge_straight
          [aquarium_subvault_bridge, aquarium_subvault_window,
          aquarium_subvault_bridge, aquarium_subvault_window],
          aquarium_window_1, aquarium_window_fake, aquarium_view_2c,
          aquarium_balcony_3b, aquarium_pool_2, uniq_edmund
D:5:      cheibrodos_fertilizer, layout_loops_ring, general_overflow_altar
D:6:      layout_gridville
D:7:      layout_loops_cross, kennysheep_little_box, patterned_corridor

Skill      XL: |  1  2  3  4  5  6  7  8  9 |
---------------+----------------------------+-----
Stealth        | 2 3 4 5 |  5.6
Dodging        | 2 3 4 5 |  5.2
Spellcasting   | 2 3 4 |  4.8
Summonings     | 4 5 6 |  6.2
Fighting       | 1 2 3 4 |  4.5
Hexes          | 1 2 3 |  3.9
Air Magic      | 1 2 3 |  3.1

Action                     |  1- 3 |  4- 6 |  7- 9 || total
---------------------------+-------+-------+-------++-------
  Melee: Spear             |    49 |       |       ||    49
         Trident           |     5 |    57 |   101 ||   163
         Dagger            |       |    14 |     1 ||    15
         Punch             |       |     1 |     2 ||     3
  Throw: Dart              |       |       |     1 ||     1
   Cast: Summon Small Mamm |    39 |    27 |    32 ||    98
         Call Imp          |    10 |    12 |    20 ||    42
         Call Canine Famil |     4 |    16 |    28 ||    48
         Summon Guardian G |       |       |    22 ||    22
         Summon Lightning  |       |       |     9 ||     9
         Inner Flame       |       |       |     4 ||     4
    Use: Scroll            |     5 |     5 |     6 ||    16
         Potion            |       |       |     4 ||     4
   Stab: Sleeping          |     3 |     4 |     3 ||    10
         Distracted        |     1 |       |     2 ||     3
 Armour: Robe              |    16 |    19 |    19 ||    54
         Skin              |       |       |    14 ||    14
  Dodge: Dodged            |    25 |    49 |    75 ||   149
